 Dungeon Crawl Stone Soup version 0.20-a0-303-g575bbf7 (webtiles) character file.

1584 0gre the Cutter (level 8, 0/72 HPs)
             Began as a Gargoyle Fighter on Dec 18, 2016.
             Was a Believer of Trog.
             Slain by a two-headed ogre
             ... wielding a cursed +0 dire flail
              (2 damage)
             ... on level 6 of the Dungeon.
             The game lasted 00:30:44 (5132 turns).

0gre the Cutter (Gargoyle Fighter)                  Turns: 5132, Time: 00:30:46

Health: 0/72       AC: 17    Str: 27      XL:     8   Next: 92%
Magic:  8/8        EV:  7    Int:  9      God:    Trog [**....]
Gold:   250        SH: 12    Dex:  8 (9)  Spells: 7/7 levels left

rFire  + . .     SeeInvis .     a - +2 short sword (flame)
rCold  x . .     Gourm    .     j - +0 chain mail
rNeg   + . .     Faith    .     i - +2 shield
rPois  ∞         Spirit   .     (no helmet)
rElec  +         Reflect  .     (no cloak)
rCorr  .         Harm     .     k - +1 pair of gloves
MR     ++...                    (no boots)
Stlth  ..........               (no amulet)
                                (no ring)
                                t - ring of fire

@: berserking, regenerating, very quick
A: negative energy resistance 1, electricity resistance, unbreathing,
petrification resistance, rot immunity, AC +5
a: Berserk, Trog's Hand, Burn Spellbooks, Renounce Religion


You were on level 6 of the Dungeon.
You worshipped Trog.
Trog was pleased with you.
You were not hungry.

You visited 1 branch of the dungeon, and saw 7 of its levels.

You collected 354 gold pieces.
You spent 104 gold pieces at shops.

Inventory:

Hand Weapons
 a - a +2 short sword of flaming (weapon)
 b - a +1 hunting sling
Missiles
 e - 51 bolts
 f - 30 sling bullets
Armour
 i - a +2 shield (worn)
 j - a +0 chain mail (worn)
 k - a +1 pair of gloves (worn)
Jewellery
 t - a ring of fire (left hand)
Wands
 c - a wand of random effects (4/48)
 p - a wand of flame (18/48)
 r - a wand of disintegration (14/24)
Scrolls
 l - 3 scrolls of remove curse
 n - a scroll of fear
Potions
 g - a potion of cure mutation
 m - a potion of cancellation
 o - 2 potions of flight
 u - 2 potions of curing
 v - a potion of heal wounds
 x - a potion of resistance {unknown}
 z - a potion of haste
Comestibles
 d - a slice of pizza
 h - 3 meat rations
 q - 8 fruits
 s - 2 bread rations
 w - 5 chunks of flesh


   Skills:
 + Level 4.7 Fighting
 * Level 5.9 Short Blades
   Level 2.2 Maces & Flails
 * Level 3.8 Slings
 + Level 5.0 Armour
 * Level 3.0 Dodging
 - Level 0.5 Stealth
 + Level 5.2 Shields
 + Level 0.1 Evocations


You had 7 spell levels left.
You didn't know any spells.

Dungeon Overview and Level Annotations

Branches:
Dungeon (7/15)             Temple (0/1) D:6

Altars:
Trog
Xom

Shops:
D:4 ?   D:5 (


Innate Abilities, Weirdness & Mutations

You are resistant to torment.
Your stone body is resilient. (AC +5)
You are immune to poison.
You resist negative energy. (rN+)
You are resistant to electric shocks. (rElec)
You can survive without breathing.
You are immune to petrification.
You are immune to rotting.


Message History

You block the eight-headed hydra's attack.
The eight-headed hydra bites you but does no damage.
The eight-headed hydra bites you!
The eight-headed hydra bites you but does no damage.
The eight-headed hydra bites you!
* * * LOW HITPOINT WARNING * * *
A red film seems to cover your vision as you go berserk!
You feel yourself moving faster!
You feel mighty!
You feel a lot more hungry.
The eight-headed hydra bites you but does no damage. x3
You block the eight-headed hydra's attack.
The eight-headed hydra bites you.
* * * LOW HITPOINT WARNING * * *
The eight-headed hydra bites you but does no damage.
You block the eight-headed hydra's attack.
The eight-headed hydra bites you.
* * * LOW HITPOINT WARNING * * *
The two-headed ogre hits you with a dire flail.
* * * LOW HITPOINT WARNING * * *
The two-headed ogre hits you with a giant spiked club.
You die...

#..#...P#,,,,,,,,,*,,,,*
#..#P...#.......,,*,,,,*
#..#...P#.......,,*,,,,*
#########..#P...#.......,,*,,,,*
...........#...P#.......,,*,,,,*
.########.##P...#.......,,*,,,,*
........#.##...P#os.5...,,*,,,,*
######....##P...#Dc.....,,*,,,,*
........#.##....@O......,,+,,,,*
######.#########################
#...................#.....#
###################.#.#.#.#
#[#.#...#
########################.#.#.####
.........................#.......
...............#############.####
##############.# #.#...


You could see an eight-headed hydra, a centaur warrior, a two-headed ogre, an
orc warrior, a scorpion and a crimson imp.

Vanquished Creatures
  An ice beast (D:6)
  3 sky beasts (D:5)
  A phantom (D:4)
  2 ogres
  The ghost of Fear the Skirmisher, an amateur DsFi (D:3)
  A centaur (D:3)
  2 bullfrogs (D:6)
  A scorpion (D:6)
  A howler monkey (D:4)
  A bullfrog zombie (D:7)
  A quasit (D:7)
  2 hounds (D:6)
  A jelly (D:5)
  2 orc wizards (D:5)
  An orc priest (D:3)
  Ijyb (D:3)
  Terence (D:3)
  2 iguanas (D:4)
  A worker ant (D:6)
  2 worker ant zombies
  3 gnolls (D:2)
  5 adders
  An adder skeleton (D:4)
  5 worms
  A dart slug (D:2)
  3 leopard geckos
  8 orcs
  14 bats
  4 giant cockroaches
  7 goblins
  4 hobgoblins
  9 jackals
  8 kobolds
  2 quokkas
  2 ball pythons
  3 frilled lizards
  A leopard gecko zombie (D:5)
  6 rats
114 creatures vanquished.

Notes
Turn   | Place    | Note
-------+----------+-------------------------------------------
     0 | D:1      | 0gre the Gargoyle Fighter began the quest for the Orb.
     0 | D:1      | Reached XP level 1. HP: 14/14 MP: 1/1
   244 | D:1      | Reached XP level 2. HP: 19/19 MP: 2/2
   578 | D:1      | You fall through a shaft!
   812 | D:2      | Reached XP level 3. HP: 23/23 MP: 3/3
   857 | D:2      | Reached skill level 1 in Slings
   864 | D:2      | Reached skill level 1 in Dodging
   870 | D:2      | Reached XP level 4. HP: 14/28 MP: 4/4
  1328 | D:3      | Reached skill level 1 in Short Blades
  1396 | D:3      | Noticed Fear's ghost (amateur DsFi)
  1414 | D:3      | Killed Fear's ghost
  1414 | D:3      | Reached XP level 5. HP: 13/33 MP: 5/5
  1473 | D:3      | Noticed Terence
  1502 | D:3      | Killed Terence
  1632 | D:3      | Found a bloodstained altar of Trog.
  1635 | D:3      | Became a worshipper of Trog the Wrathful
  1736 | D:3      | Found a shimmering altar of Xom.
  1746 | D:3      | Noticed a centaur
  1765 | D:3      | Killed a centaur
  1765 | D:3      | Reached XP level 6. HP: 28/38 MP: 6/6
  1847 | D:3      | Noticed Ijyb
  1896 | D:3      | Killed Ijyb
  2266 | D:4      | Noticed a phantom
  2319 | D:4      | Killed a phantom
  2319 | D:4      | Reached * piety under Trog
  2319 | D:4      | Reached XP level 7. HP: 30/43 MP: 7/7
  2399 | D:4      | Found Nanew's Magic Scroll Shoppe.
  2420 | D:4      | Bought a scroll of identify for 26 gold pieces
  2420 | D:4      | Bought a scroll of identify for 26 gold pieces
  2420 | D:4      | Bought a scroll of identify for 26 gold pieces
  2420 | D:4      | Bought a scroll of identify for 26 gold pieces
  2631 | D:5      | Entered Level 5 of the Dungeon
  2722 | D:5      | Found Xiroecse's Antique Weapon Emporium.
  3035 | D:5      | Reached XP level 8. HP: 36/48 MP: 8/8
  3292 | D:5      | Reached skill level 5 in Short Blades
  3468 | D:6      | Found a staircase to the Ecumenical Temple.
  4716 | D:7      | Reached ** piety under Trog
  5094 | D:6      | Reached skill level 5 in Shields
  5123 | D:6      | Noticed an eight-headed hydra
  5123 | D:6      | Noticed a centaur warrior
  5125 | D:6      | Noticed a two-headed ogre
  5130 | D:6      | Reached skill level 5 in Armour
  5132 | D:6      | HP: 2/72 [two-headed ogre/dire flail (3)]
  5132 | D:6      | Slain by a two-headed ogre

Vault maps used:
D:1:      ncdulo_halloftheorcs, serial_bayou, serial_bayou_lagoon_b,
          serial_bayou_lagoon_a, serial_bayou_lake_a, serial_bayou_pond_d,
          corexii_leaking_fountain
D:3:      xom_butterflies, bloody_trog, uniq_terence, uniq_iyjb
D:4:      first_bread, serial_shops, shop_scrolls
D:5:      serial_shops, shop
D:6:      minmay_klotski, glass_columns_b

Skill      XL: |  1  2  3  4  5  6  7  8 |
---------------+-------------------------+-----
Slings         | 1 2 3 |  3.8
Dodging        | 1 2 3 |  3.0
Short Blades   | 1 2 3 4 5 |  5.9
Shields        | 4 5 |  5.2
Fighting       | 4 |  4.7
Armour         | 4 5 |  5.0
Maces & Flails | |  2.2
Stealth        | |  0.5
Evocations     | |  0.1

Action                   |  1- 3 |  4- 6 |  7- 9 || total
-------------------------+-------+-------+-------++-------
Melee: Whip              |    53 |       |       ||    53
       Short sword       |    16 |   189 |   252 ||   457
 Fire: Hunting sling     |       |       |    17 ||    17
Invok: Berserk           |       |       |     1 ||     1
       Trog's Hand       |       |       |     1 ||     1
Evoke: Wand              |       |     3 |     3 ||     6
  Use: Scroll            |     5 |     4 |    12 ||    21
       Potion            |       |     1 |       ||     1
  Eat: Chunk             |       |     5 |       ||     5
       Meat ration       |       |       |     1 ||     1
       Fruit             |       |       |     1 ||     1
       Bread ration      |       |       |     1 ||     1
       Royal jelly       |       |       |     1 ||     1
Armor: Scale mail        |    34 |    67 |    60 ||   161
       Chain mail        |       |       |    54 ||    54
Dodge: Dodged            |    27 |    47 |    66 ||   140
Block: Shield            |    42 |   101 |   115 ||   258
